 Dungeon Sprint DCSS version 0.30.1-4-g462c640d31 (webtiles) character file.

Game seed: 14969472333949730822

107 Heoruswealwe the Cleaver (level 4, -2/44 HPs)
             Began as a Hill Orc Fighter on Aug 25, 2023.
             Slain by Sigmund
             ... wielding a +0 scythe
              (5 damage)
             ... in the Dungeon (Sprint I: "Red Sonja").
             The game lasted 00:01:52 (178 turns).

Heoruswealwe the Cleaver (Hill Orc Fighter)          Turns: 178, Time: 00:01:53

Health: -2/44      AC:  7    Str: 20    XL:     4   Next: 86%
Magic:  7/7        EV:  9    Int:  8    God:
Gold:   108        SH:  0    Dex: 10    Spells: 3/3 levels left

rFire   . . .        a - +0 war axe
rCold   . . .        d - +0 buckler
rNeg    . . .        c - +0 scale mail
rPois   .            (no helmet)
rElec   .            (no cloak)
rCorr   .            (no gloves)
SInv    .            (no boots)
Will    .....        (no amulet) Stlth
                     (no ring)
HPRegen 0.27/turn    (no ring)
MPRegen 0.10/turn

%: no teleportation
@: confused
A: no striking features
a: no special abilities


You were in the Dungeon.
You visited 1 branch You collected 108 gold pieces.

Inventory:

Hand Weapons
 a - a +0 war axe (weapon)
Armour
 c - a +0 scale mail (worn)
 d - a +0 buckler (worn)
Wands
 k - a wand of digging (6)
Scrolls
 j - a scroll of blinking
Potions
 b - a potion of might
 g - a potion of haste
 i - a potion of berserk rage


   Skills:
 + Level 6.0 Fighting
 * Level 8.0 Axes
 + Level 5.5 Armour
 - Level 3.2 Shields
 + Level 5.1 Invocations


You had 3 spell levels left.
You didn't know any spells.
Your spell library was empty.

Dungeon Overview and Level Annotations

Branches:
Dungeon (1/1)

Altars:

Annotations:
D Sigmund


Message History

You slash something!
You hear some strange, mumbled words.
You are confused.
You completely miss something. Something hits you.
You barely miss something. Something hits you!
You barely miss something.
You hear some strange, mumbled words.
You are more confused.
You bump into the rock wall.
You hear some strange, mumbled words.
A magic dart appears from out of thin air!
The magic dart hits you.
You miss something. Something hits you.
You bump into the rock wall.
You're too confused to move!
Something hits you. Something hits you.
* * * LOW HITPOINT WARNING * * *
You feel much better. Something hits you.
You hear some strange, mumbled words.
You are more confused.
You hear some strange, mumbled words.
You are more confused.
You hear some strange, mumbled words.
A puff of flame appears from out of thin air!
The puff of flame hits you!
There is an open door, spattered with blood here.
You bump into the rock wall.
Something hits you.
You closely miss something. You completely miss something.
Something hits you but does no damage. Something hits you.
You feel better. Something hits you!
* * * LOW HITPOINT WARNING * * *
There is an open door, spattered with blood here.
You barely miss something.
You hear some strange, mumbled words.
You are confused.
Something hits you!
* * * LOW HITPOINT WARNING * * *
You barely miss something. Something hits you.
You die...

#############
#<.#..)..#@.+
#..!..#..'{.#
#..#####'####
#..# #..#
#..# ####
#..# #⌠⌠#
##.# #..#


There were no monsters in sight!

Vanquished Creatures
  An ogre (D)
  Ijyb (D)
2 creatures vanquished.

Notes
Turn   | Place    | Note
-------+----------+-------------------------------------------
     0 | D        | Heoruswealwe the Hill Orc Fighter began the quest for the
                  | Orb.
     0 | D        | Reached XP level 1. HP: 19/19 MP: 1/1
     1 | D        | Noticed Ijyb
    14 | D        | Killed Ijyb
    15 | D        | Reached skill level 5 in Axes
    15 | D        | Reached XP level 2. HP: 9/28 MP: 1/4
    15 | D        | Reached XP level 3. HP: 11/34 MP: 1/5
   105 | D        | Noticed an ogre
   110 | D        | Killed an ogre
   111 | D        | Reached skill level 8 in Axes
   111 | D        | Reached skill level 5 in Armour
   111 | D        | Reached skill level 5 in Invocations
   111 | D        | Reached XP level 4. HP: 33/44 MP: 5/7
   150 | D        | Noticed Sigmund
   178 | D        | Slain by Sigmund

Illustrated notes

Levels and vault maps discovered:
D:        dungeon_sprint_1 [red_sonja_temple_1, red_sonja_temple_small_1]

Skill      XL: |  1  2  3 |
---------------+----------+-----
Fighting       | 4 6 |  6.0
Axes           | 5 8 |  8.0
Armour         | 4 5 |  5.5
Invocations    | 3 5 |  5.1
Shields        | |  3.2

Action                     |  1- 3 |  4- 6 || total
---------------------------+-------+-------++-------
  Melee: War axe           |    16 |    14 ||    30
  Evoke: Wand              |     1 |       ||     1
    Use: Potion            |       |     2 ||     2
 Armour: Scale mail        |     4 |     1 ||     5
  Dodge: Dodged            |     4 |       ||     4
  Block: Buckler           |     2 |     1 ||     3
